 Dungeon Crawl Stone Soup version 0.29-a0-362-g5854e031c7 (webtiles) character file.

Game seed: 3449006603655380996

14 Artihs the Caller (level 2, -3/19 HPs)
             Began as a Human Summoner on Apr 29, 2022.
             Slain by a gnoll
             ... wielding a +0 club
              (7 damage)
             ... on level 1 of the Dungeon.
             The game lasted 00:07:56 (800 turns).

Artihs the Caller (Human Summoner)                   Turns: 800, Time: 00:07:57

Health: -3/19      AC:  2    Str:  8    XL:     2   Next: 55%
Magic:  1/5        EV: 12    Int: 15    God:
Gold:   73         SH:  0    Dex: 13    Spells: 2/5 levels left

rFire   . . .      SeeInvis .   d - +0 dagger
rCold   . . .      Faith    .   (no shield)
rNeg    . . .      Spirit   .   a - +0 robe
rPois   .          Reflect  .   (no helmet)
rElec   .          Harm     .   (no cloak)
rCorr   .          Rampage  .   (no gloves)
Will    .....                   (no boots)
Stlth   ++........              (no amulet)
HPRegen 0.06/turn               (no ring)
MPRegen 0.09/turn               (no ring)

@: no status effects
A: no striking features
a: no special abilities


You were on level 1 of the Dungeon.
You visited 1 branch of the dungeon, and saw 1 of its levels.

You collected 73 gold pieces.

Inventory:

Hand Weapons
 d - a +0 dagger (weapon)
 g - a +0 club
Armour
 a - a +0 robe (worn)
Scrolls
 c - 3 scrolls of identify {unknown}
 e - a scroll of holy word {unknown}
 h - a scroll of immolation {unknown}
Potions
 b - a potion of magic
 f - a potion of might {unknown}


   Skills:
 + Level 0.2 Fighting
 + Level 0.1 Short Blades
 * Level 2.2 Dodging
 + Level 2.1 Stealth
 - Level 0.3 Unarmed Combat
 * Level 2.1 Spellcasting
 * Level 4.1 Summonings


You had 2 spell levels left.
You knew the following spells:

 Your Spells              Type           Power      Damage    Failure   Level
a - Summon Small Mammal   Summ           56%        N/A       4%          1
b - Call Imp              Summ           14%        N/A       6%          2

Your spell library contained the following spells:

 Spells                   Type           Power      Damage    Failure   Level
 Sublimation of Blood     Necr           1%         N/A       32%         2
 Wereblood                Tmut           1%         N/A       32%         2
 Call Canine Familiar     Summ           14%        N/A       12%         3
 Summon Guardian Golem    Hex/Summ       7%         N/A       28%         3
 Ignite Poison            Fire/Tmut/Pois 1%         N/A       54%         3
 Mephitic Cloud           Conj/Pois/Air  1%         N/A       54%         3
 Summon Lightning Spire   Summ/Air       7%         N/A       67%         4
 Freezing Cloud           Conj/Ice/Air   0%         6-21      99%         5
 Summon Hydra             Summ           7%         N/A       100%        7


Dungeon Overview and Level Annotations

Branches:
Dungeon (1/15)

Altars:

Shops:
D:1 [?!!


Message History

Your bat hits the hobgoblin but does no damage. x2
The hobgoblin hits your bat.
Your bat barely misses the hobgoblin.
What are your orders? t - Shout!
Orders for allies: a - Attack new target. r - Retreat! s - Stop attacking. g - Guard the area. f - Follow me.
Anything else - Cancel.
Gang up on whom?
Press: ? - help, Dir - move target, f - hobgoblin
Aim: a hobgoblin (heavily wounded, ally target) Attack!
Your bat hits the hobgoblin but does no damage.
Your bat barely misses the hobgoblin.
The hobgoblin closely misses your bat.
Your bat closely misses the hobgoblin.
The hobgoblin hits your bat.
Your bat dies!
Your bat's corpse disappears in a puff of smoke!
You miscast Summon Small Mammal.
You are very lightly contaminated with residual magic.
Nothing appears to happen.
Your crimson imp hits the gnoll.
You hit the hobgoblin.
You kill the hobgoblin!
You hit the gnoll.
The gnoll is moderately wounded.
The gnoll misses you.
You hit the gnoll.
The gnoll is moderately wounded.
Your crimson imp disappears in a puff of smoke!
The gnoll hits you with a +0 club.
Your magical contamination has completely faded away.
The gnoll attacks as you move away! The gnoll hits you with a +0 club.
You closely miss the gnoll.
The gnoll is moderately wounded.
The gnoll hits you with a +0 club.
* * * LOW HITPOINT WARNING * * *
You hit the gnoll.
The gnoll is heavily wounded.
The gnoll hits you with a +0 club!
You die...

#........†.............#
####.###################
####.##.......##..
...#.##.#####.##.#
#.##'##.#####+##.#
...............#.#
...............#.#
......##.......#.#
......'...######@#
......###.######g###
......##.........#.#
...........#####...#
...........# ###†#
####.......# #.#
######.....# #5#
.....'.∩...# #.#
######.....# #.#


You could see a gnoll.

Vanquished Creatures
  3 hobgoblins (D:1)
  2 bats (D:1)
5 creatures vanquished.

Vanquished Creatures (collateral kills)
  A giant cockroach (D:1)
  2 goblins (D:1)
  A hobgoblin (D:1)
  A quokka (D:1)
  A rat (D:1)
6 creatures vanquished.

Grand Total: 11 creatures vanquished

Notes
Turn   | Place    | Note
-------+----------+-------------------------------------------
     0 | D:1      | Artihs the Human Summoner began the quest for the Orb.
     0 | D:1      | Reached XP level 1. HP: 13/13 MP: 3/3
     9 | D:1      | Found Qiugh's Antique Armour Shop.
   250 | D:1      | Found Ynestray's Distillery.
   302 | D:1      | Reached XP level 2. HP: 19/19 MP: 1/5
   373 | D:1      | Found Wuiha's Magic Scroll Shop.
   414 | D:1      | Learned a level 2 spell: Call Imp
   579 | D:1      | Found Saomopoj's Distillery.
   713 | D:1      | Found a faded altar of an unknown god.
   800 | D:1      | Slain by a gnoll

Illustrated notes

Levels and vault maps discovered:
D:1:      dpeg_arrival_water_altar, layout_basic, serial_shops, shop, shop,
          nicolae_shop_window_shopping, shop,
          shapermc_ecumenical_altar_flowoftime

Action                   || total
-------------------------++-------
Melee: Unarmed           ||    15
       Dagger            ||    23
 Cast: Summon Small Mamm ||    23
       Call Imp          ||     5
Armor: Robe              ||     7
Dodge: Dodged            ||    27

Table legend: (Time is in decaauts)
 A = Elapsed time spent in this place.
 B = Non-inter-level travel time spent in this place.
 C = Inter-level travel time spent in this place.
 D = Time resting spent in this place.
 E = Time spent auto-exploring this place.
 F = Levels seen in this place.
 G = Mean time per level.
                   A        B        C        D        E       F      G
               +--------+--------+--------+--------+--------+-----+--------+
         Total |    799 |    488 |    311 |    270 |     64 |   1 |  799.0 |
       Dungeon |    799 |    488 |    311 |    270 |     64 |   1 |  799.0 |
               +--------+--------+--------+--------+--------+-----+--------+

Top non-repeatable levels by time:
     D:1: 799 daAuts
